 Dungeon Crawl Stone Soup version 0.21-a0-110-g8e1637b (webtiles) character file.

168 Gorglomux the Skirmisher (level 5, 0/50 HPs)
             Began as a Hill Orc Abyssal Knight on July 10, 2017.
             Was a Believer of Lugonu.
             Slain by an orc
             ... wielding a +0 short sword
              (1 damage)
             ... on level 3 of the Dungeon.
             The game lasted 00:02:20 (3171 turns).

Gorglomux the Skirmisher (Hill Orc Abyssal Knight)  Turns: 3171, Time: 00:02:20

Health: 0/50       AC:  4    Str: 16    XL:     5   Next: 49%
Magic:  6/6        EV: 11    Int: 12    God:    Lugonu [**....]
Gold:   117        SH:  0    Dex: 10    Spells: 4/4 levels left

rFire    . . .     SeeInvis .   a - +1 hand axe
rCold    . . .     Gourm    .   (no shield)
rNeg     . . .     Faith    .   b - +0 leather armour
rPois    .         Spirit   .   r - +0 helmet
rElec    .         Reflect  .   (no cloak)
rCorr    .         Harm     .   (no gloves)
MR       .....                  (no boots)
Stlth    +.........             (no amulet)
HPRegen  0.16/turn              (no ring)
MPRegen  0.10/turn              (no ring)

@: slowed, very slow
A: no striking features
a: Depart the Abyss, Bend Space, Renounce Religion


You were on level 3 of the Dungeon.
You worshipped Lugonu.
Lugonu was pleased with you.
You were not hungry.

You visited 1 branch of the dungeon, and saw 3 of its levels.
You visited the Abyss 1 time.

You collected 117 gold pieces.

Inventory:

Hand Weapons
 a - a +1 hand axe (weapon)
Armour
 b - a +0 leather armour (worn)
 r - a +0 helmet (worn)
Jewellery
 p - a cursed amulet of inaccuracy {unknown}
Scrolls
 g - a scroll of teleportation {unknown}
 l - 4 scrolls of remove curse
 m - 2 scrolls of identify {unknown}
 o - a scroll of recharging {unknown}
 s - a scroll of enchant armour {unknown}
 t - a scroll of immolation {unknown}
 w - a scroll of amnesia {unknown}
Potions
 d - a potion of mutation {unknown}
 h - a potion of haste {unknown}
 i - a potion of might {unknown}
 k - a potion of resistance {unknown}
 u - 2 potions of berserk rage {unknown}
Comestibles
 c - 5 bread rations
 f - a royal jelly
 v - 2 chunks of flesh


   Skills:
 + Level 5.9 Fighting
 + Level 5.2 Axes
 - Level 2.1 Armour
 - Level 0.7 Dodging
 - Level 2.4 Invocations


You had 4 spell levels left.
You didn't know any spells.

Dungeon Overview and Level Annotations

Branches:
Dungeon (3/15)

Altars:
Nemelex Xobeh


Message History

The rat closely misses you. The orc completely misses you.
The orc wizard casts a spell at you. The magic dart hits you!
* * * LOW HITPOINT WARNING * * *
The rat barely misses you. The orc closely misses you. The rat bites you.
* * * LOW HITPOINT WARNING * * *
The orc wizard gestures wildly while chanting.
The orc wizard blinks!
The rat misses you.
The orc wizard gestures wildly while chanting.
The orc wizard blinks!
The rat closely misses you. The orc barely misses you.
The rat barely misses you.
The orc wizard points at you and mumbles some strange words.
The magic dart hits you!
* * * LOW HITPOINT WARNING * * *
The orc wizard mumbles some strange words.
The orc wizard seems to speed up.
The orc hits you with a short sword.
You die...

##### ###########...# #.
#...........#.#
#.########.#.#########.# .
+...........<.........>#
..#.......@##.........#..#
.........ro##............#
...........##...........##
...........##.........#.#
##.....†.##.........#.#
#..)o...##.........#.#
#..)†.).#####....###.#
#.......# ###### #.#
#.......# #.#


You could see an orc wizard, an orc and a rat.

Vanquished Creatures
  An orc wizard (D:3)
  7 gnolls
  2 adders (D:2)
  A worm (D:2)
  A dart slug (D:1)
  2 orcs (D:3)
  9 bats
  2 giant cockroaches (D:1)
  5 goblins
  7 hobgoblins
  2 quokkas (D:2)
  A ball python (D:2)
  3 frilled lizards
  4 kobolds
  7 rats
54 creatures vanquished.

Notes
Turn   | Place    | Note
-------+----------+-------------------------------------------
     0 | Abyss:1  | Gorglomux the Hill Orc Abyssal Knight began the quest for the Orb.
     0 | Abyss:1  | Reached XP level 1. HP: 19/19 MP: 2/2
    51 | Abyss:1  | Noticed a chaos spawn
    76 | Abyss:2  | Noticed a small abomination
    80 | D:1      | Escaped the Abyss
   157 | D:1      | Reached skill level 3 in Axes
   166 | D:1      | Reached XP level 2. HP: 17/27 MP: 3/3
   224 | D:1      | Reached * piety under Lugonu
   954 | D:1      | Reached XP level 3. HP: 32/34 MP: 4/4
  1219 | D:2      | Found a sparkling altar of Nemelex Xobeh.
  1418 | D:2      | HP: 1/35 [gnoll/spear (8)]
  1906 | D:1      | Reached XP level 4. HP: 26/42 MP: 5/5
  2379 | D:2      | Reached XP level 5. HP: 37/48 MP: 6/6
  3160 | D:3      | Reached ** piety under Lugonu
  3171 | D:3      | HP: 1/50 [orc wizard/magic dart (3)]
  3171 | D:3      | Slain by an orc

Vault maps used:
D:1:      dpeg_arrival_rooms_a, minmay_crystal_room
D:2:      old_standard_altar, first_bread
D:3:      lemuel_upstairs_altar, nicolae_dithmenos_shadow_blocks,
          chequers_ecumenical_altar_simple_redux, uniq_grinder, uniq_sigmund,
          uniq_terence

Skill      XL: |  1  2  3  4  5 |
---------------+----------------+-----
Axes           | 3 4 5 |  5.2
Fighting       | 4 5 |  5.9
Armour         | |  2.1
Dodging        | |  0.7
Invocations    | |  2.4

Action                   |  1- 3 |  4- 6 || total
-------------------------+-------+-------++-------
Melee: Hand axe          |   130 |    83 ||   213
Invok: Depart the Abyss  |     1 |       ||     1
       Bend Space        |       |     1 ||     1
  Use: Scroll            |     1 |       ||     1
  Eat: Chunk             |     3 |     4 ||     7
Armor: Leather armour    |    41 |    19 ||    60
Dodge: Dodged            |    83 |    62 ||   145
